AoeStats
← viljelia

Arabia

505273067Analyzed
1v1 RM · 23d ago on Sep 8, 2026· 31m 43s· 2 players
Game mode
Random Map
Map size
Tiny (2 player)
Population
200
Speed
Normal
Resources
Standard
Victory
Conquest
Starting age
Dark Age
Ending age
Imperial Age
RankedLock teamsTeams togetherTeam positionsShared explorationLock speedFull tech treeHidden civsTurbo modeCheats
Victory
Defeat
🇭🇺 Armenians · Hungary
784
+15
🇫🇮 Japanese · Finland
754
-15
viljelia
8:04 Loom
10:24 Feudal Age
10:47 Horse Collar
11:07 Gold Mining
11:30 Double-Bit Axe
13:52 Man-at-Arms
21:42 Castle Age
30:22 Heavy Plow
Jaja
10:50 Feudal Age
10:32 Loom
10:54 Man-at-Arms
12:17 Long Swordsman
13:57 Forging
25:15 Arson
30:00 Castle Age
28:13 Scale Mail Armor
28:58 Fletching
29:00 Pikeman
30:15 Two-Handed Swordsman
30:41 Gambesons
Connection lost

Rejoining the realm…

Still unreachable

The connection could not be restored.

Session expired

The server has moved on; the page needs a fresh start.